Map: Simulacrum LE

Players

NOx

  • Race: Zerg Zerg
  • League: Platinum
  • Spawn Location: 11:00

eSka - Winner!

  • Race: Protoss Protoss
  • League: Platinum
  • Spawn Location: 5:00

VOD

Have the link to the VOD?

Description

Time

  • Played on: Feb. 18, 2020, 10:43 a.m.
  • Length: 7:45
Show
View Real Time Build Order
Export as new Build Order

NOx Zerg 

Build Orders: Hatch First 

Get SALT Encoding   

  12  0:01  Drone  
  13  0:08  Drone  
  14  0:16  Overlord  
  14  0:34  Drone x3  
  17  0:46  Drone  
  18  0:56  Hatchery  
  17  1:00  Drone  
  18  1:16  Spawning Pool  
  18  1:17  Drone  
  18  1:20  Drone  
  19  1:31  Drone  
  20  1:41  Drone, Extractor  
  20  1:50  Drone  
  21  2:00  Drone  
  22  2:07  Queen  
  24  2:08  Overlord  
  24  2:15  Hatchery  
  23  2:24  Zergling x4  
  23  2:25  Zergling x2  
  26  2:30  Zergling x2  
  27  2:42  Metabolic Boost  
  27  2:52  Queen  
  27  2:54  Drone x4  
  27  2:56  Drone  
  34  3:08  Overlord x2  
  34  3:34  Drone x5  
  36  3:35  Pneumatized Carapace  
  39  3:42  Roach Warren  
  39  3:45  Drone x4  
  39  3:46  Drone  
  43  4:14  Queen  
  43  4:15  Overlord, Drone  
  43  4:16  Drone x10  
  56  4:19  Overlord  
  54  4:43  Lair  
  54  4:49  Spine Crawler  
  53  4:55  Drone  
  53  4:56  Drone x9  
  53  4:57  Evolution Chamber  
  62  5:00  Evolution Chamber  
  62  5:01  Extractor  
  62  5:06  Extractor  
  59  5:10  Extractor  
  58  5:27  Overlord x3  
  58  5:34  Roach  
  58  5:35  Roach x6  
  72  5:42  Spine Crawler  
  70  5:55  Roach x6  
  71  6:15  Roach, Spine Crawler  
  71  6:16  Roach x2  
  55  6:52  Ravager  
  51  6:55  Zergling x2  
  51  6:56  Zergling x10  
  52  7:03  Spine Crawler  
  52  7:06  Spine Crawler  
  32  7:18  Zergling x2  
  32  7:19  Zergling x4  
  23  7:23  Zergling x2  
  22  7:35  Hatchery  
Show
View Real Time Build Order
Export as new Build Order

eSka Protoss - Winner!

Build Orders:  

Get SALT Encoding   

  12  0:00  Probe  
  13  0:13  Probe  
  14  0:20  Pylon  
  14  0:27  Probe (Chrono Boost)  
  15  0:38  Probe (Chrono Boost)  
  15  0:39  Gateway  
  16  0:45  Assimilator  
  16  0:49  Probe  
  17  1:01  Probe (Chrono Boost)  
  18  1:14  Probe (Chrono Boost)  
  19  1:20  Probe (Chrono Boost)  
  20  1:27  Cybernetics Core  
  20  1:31  Gateway  
  20  1:46  Nexus  
  20  1:52  Zealot (Chrono Boost)  
  22  2:03  Pylon  
  22  2:05  Assimilator  
  22  2:10  Warp Gate  
  24  2:22  Zealot (Chrono Boost)  
  24  2:25  Probe  
  25  2:37  Probe  
  25  2:40  Robotics Facility  
  25  2:44  Shield Battery  
  26  2:49  Probe  
  27  2:54  Twilight Council  
  27  3:04  Forge  
  27  3:05  Probe x2 (Chrono Boost)  
  29  3:17  Probe (Chrono Boost)  
  29  3:18  Probe (Chrono Boost)  
  33  3:27  Charge (Chrono Boost)  
  33  3:28  Probe (Chrono Boost)  
  33  3:29  Probe (Chrono Boost)  
  33  3:35  Probe  
  33  3:37  Protoss Ground Weapons Level 1  
  33  3:41  Probe  
  35  3:48  Probe  
  36  3:50  Assimilator  
  36  3:53  Probe  
  37  3:56  Immortal (Chrono Boost)  
  37  4:00  Probe  
  37  4:01  Pylon  
  42  4:16  Sentry  
  44  4:23  Sentry  
  46  4:26  Warp Prism (Chrono Boost)  
  48  4:43  Probe  
  50  4:49  Gateway  
  50  4:50  Gateway  
  50  4:52  Gateway  
  49  4:58  Gateway  
  49  5:01  Pylon  
  49  5:02  Immortal (Chrono Boost)  
  53  5:12  Pylon  
  53  5:19  Pylon  
  53  5:21  Pylon  
  53  5:27  Zealot  
  53  5:28  Zealot  
  57  5:50  Zealot x4  
  57  5:51  Zealot  
  65  6:05  Sentry  
  65  6:21  Zealot x4  
  65  6:22  Zealot  
  75  6:32  Zealot  
  73  6:49  Zealot  
  73  6:50  Zealot x4  
  83  7:07  Zealot  
  83  7:17  Zealot  
  77  7:26  Zealot x4  
  77  7:35  Stalker  
Tags
 
Add a new tag
Caveats
  • Supply blocks, unpowered buildings, or Contaminate may cause inaccurate times.
  • Supply counts are checked every 10 seconds.